puck, lawful female human Valkyrie -------- ------ |<|>.%.---....| |^|-.``....`..| |^||..``|.`.`.| |^||..I.|.....| |^|------`----| |^| |......| |^------......| |..^^^^````...| |..-----......| ---- -------- puck the Skirmisher Experience level: 5 Strength: 18 Dexterity: 10 Constitution: 18 Intelligence: 9 Wisdom: 10 Charisma: 8 Health: 0(40) Energy: 11(11) Def: 6 Gold: 487 Moves: 1739 Dungeon seed: 2KqakBoXG6Uii66p Game ID: puck_1559514688 Your Inventory: Coins $ - 487 gold pieces Weapons b - an uncursed +0 dagger (in quiver) o - an uncursed thoroughly rusty +1 long sword (weapon in hand) Armor e - an uncursed +3 small shield n - an uncursed +0 bronze plate mail (being worn) Comestibles j - an uncursed tripe ration t - 2 uncursed food rations Potions r - a cursed potion of object detection v - an uncursed potion of invisibility Rings s - an uncursed ring of conflict Tools a - an uncursed sack u - an uncursed lock pick Contents of the sack: 807 gold pieces a blessed scroll of genocide an uncursed scroll of magic mapping a cursed amulet of restful sleep an uncursed oil lamp (0:1139) Spells and supernatural/magical abilities: Name Level Category Cost Memory W - pray for help -- divine ? -- Your skills at the end: Fighting Skills wands [Basic] Weapon Skills dagger [Basic] long sword [Basic] Spellcasting Skills Final Attributes: You were piously aligned. You were immune to cold. You were blinded. You were stealthy. You last prayed 1 turn ago. Tyr was noncommittal. You are dead. Vanquished creatures: a wood nymph a pony a yellow light a gnome lord a red naga hatchling 2 gray oozes 2 little dogs 2 kittens a homunculus a giant bat an iguana an acid blob 2 coyotes 3 manes a large kobold a cave spider a gnome zombie a kobold 2 sewer rats a bat 4 lichens 2 newts 33 creatures vanquished. Voluntary challenges: You used a wielded weapon 44 times, starting on turn 59. You read items or engraved 1 time, starting on turn 521. You never genocided any monsters. You never polymorphed an object. You never changed form. You used no wishes. You never split a pudding. You never wrote Elbereth's name. You never violated your personal moral code. Dungeon overview: The Dungeons of Doom: levels 1 to 7 Level 1 some fountains a long staircase Level 2 an altar to Loki Level 3 an altar to Tyr, some fountains Level 4 Level 5 Level 6 many fountains Level 7 a vault stairs to Sokoban Sokoban: Level 6 <- You were here Unsolved stairs to The Dungeons of Doom History has recorded: On T:1 you entered the Dungeons of Doom to retrieve the Amulet of Yendor! On T:204 you reached level 2 of The Dungeons of Doom. On T:352 you reached level 3 of The Dungeons of Doom. On T:523 you reached level 4 of The Dungeons of Doom. On T:526 you advanced to experience level 2. On T:642 you reached level 5 of The Dungeons of Doom. On T:826 you reached level 6 of The Dungeons of Doom. On T:864 you advanced to experience level 3. On T:1005 you advanced to experience level 4. On T:1190 you reached level 7 of The Dungeons of Doom. On T:1502 you advanced to experience level 5. On T:1726 you reached level 4 of Sokoban. Score breakdown: Gold: 1294 (10586 points) Experience: 5 levels (11141 points) Exploration: 7 levels ( 14.29%) (10606 points) Discoveries: 2 items ( 0.80%) ( 2683 points) Valuables value: (no points given unless you survive) Artifact value: 0 ( 0 points) Variety of kills: 22 monsters ( 5.79%) ( 7218 points) Turncount: 1739 turns ( 0 points) Survival: died (score multiplied by 80%) Total score: 33787 Latest messages: The water demon hits! (2x) The water demon bites! You miss the water demon. The water demon swings her crossbow at you. The water demon hits! (2x) The water demon bites! You miss the water demon. The water demon swings her crossbow at you. The water demon hits! (2x) The water demon bites! You begin praying to Tyr. You are surrounded by a shimmering light. The water demon starts to attack you, but pulls back. (3x) You feel that Tyr is well-pleased. [3 turns] You miss the water demon. The water demon swings her crossbow at you. The water demon hits! (2x) The water demon misses. A cloud of darkness falls upon you. It must be a potion of blindness. You hear some noises nearby. It hits! You die... Final status: Farvel puck the Valkyrie, killed by a water demon... You died in Sokoban on dungeon level 6 with 33787 points, and 1294 pieces of gold, after 1739 moves. You were level 5 with a maximum of 40 hit points when you died.